 Dungeon Crawl Stone Soup version 0.30-a0-23-ge60ba3568b (webtiles) character file.

Game seed: 9504115691721558300

129 ytrimaz the Insei (level 5, -4/33 HPs)
             Began as an Octopode Transmuter on Aug 25, 2022.
             Slain by a gnoll
             ... wielding a +0 halberd
              (13 damage)
             ... on level 4 of the Dungeon.
             The game lasted 00:02:49 (3805 turns).

ytrimaz the Insei (Octopode Transmuter)             Turns: 3805, Time: 00:02:51

Health: -4/33      AC:  1    Str:  9    XL:     5   Next: 12%
Magic:  5/8        EV: 13    Int: 17    God:
Gold:   184        SH:  0    Dex: 19    Spells: 5/8 levels left

rFire   . . .      SeeInvis .      - Unarmed
rCold   . . .      Faith    +    (no shield)
rNeg    . . .      Spirit   .    (helmet currently unavailable)
rPois   .          Reflect  .    h - amulet of faith
rElec   .          Harm     .    d - +6 ring of dexterity
rCorr   .          Rampage  .    (no ring)
Will    .....                    (no ring)
Stlth   +++.......               (no ring)
HPRegen 0.11/turn                (no ring)
MPRegen 0.11/turn                (no ring)
                                 (no ring)
                                 (no ring)

@: appendages, wereblooded
A: tentacle spike 3, almost no armour, amphibious, 8 rings, camouflage 1,
gelatinous body 1, (nimble swimmer 1), tentacles
a: End Transformation


You were on level 4 of the Dungeon.
One of your tentacles had grown a beastly spike.
You visited 1 branch of the dungeon, and saw 4 of its levels.

You collected 184 gold pieces.

Inventory:

Jewellery
 d - a +6 ring of dexterity (left tentacle)
 h - an amulet of faith (around mantle)
 o - a +6 ring of intelligence
Scrolls
 b - a scroll of enchant weapon
 c - a scroll of vulnerability
 e - 4 scrolls of teleportation
 f - a scroll of amnesia
 m - a scroll of enchant armour
Potions
 a - a potion of lignification
 g - 2 potions of heal wounds
 i - 3 potions of curing
 j - a potion of flight {unknown}
 k - a potion of brilliance
 l - 3 potions of attraction
 n - a potion of degeneration {unknown}


   Skills:
 - Level 1.0 Fighting
 - Level 2.0 Dodging
 + Level 5.6 Unarmed Combat
 - Level 2.0 Spellcasting
 - Level 2.0 Transmutations


You had 5 spell levels left.
You knew the following spells:

 Your Spells              Type           Power      Damage    Failure   Level
a - Beastly Appendage     Tmut           16%        N/A       9%          1
b - Wereblood             Tmut           8%         N/A       13%         2

Your spell library contained the following spells:

 Spells                   Type           Power      Damage    Failure   Level
 Spider Form              Tmut/Pois      5%         N/A       36%         3
 Gell's Gravitas          Tloc           1%         N/A       50%         3
 Lesser Beckoning         Tloc           1%         N/A       50%         3
 Teleport Other           Tloc           1%         N/A       50%         3
 Ice Form                 Ice/Tmut       5%         N/A       77%         4


Dungeon Overview and Level Annotations

Branches:
Dungeon (4/15)
 Temple: D:4-7

Altars:
Qazlal


Innate Abilities, Weirdness & Mutations

One of your tentacles has grown a beastly spike.
You cannot wear most types of armour.
You are amphibious.
You can wear up to eight rings at the same time.
Your skin changes colour to match your surroundings (Stealth+).
Your rubbery body absorbs attacks. (AC +1, EV +1)
((You are camouflaged when in or above water. (Stealth+)))
You have tentacles for arms and can constrict up to eight enemies at once.


Message History

You tentacle-slap the gnoll.
You pierce the gnoll, but do no damage.
The gnoll is moderately wounded.
You constrict the gnoll, but do no damage.
The gnoll hits you with a +0 flail.
You completely miss the gnoll.
The gnoll is moderately wounded.
You constrict the gnoll.
The gnoll hits you from afar with a +0 spear.
The gnoll barely misses you.
You release your grip on the gnoll.
The gnoll attacks as you move away! The gnoll hits you with a +0 flail.
The ball python misses you. The ball python grabs you.
The ball python constricts you.
You escape the ball python's grasp.
The gnoll attacks as you move away! The gnoll closely misses you.
Your transformation is almost over.
Casting: Beastly Appendage (safe; 9% risk of failure)
Confirm with . or Enter, or press ? or * to list all spells.
Your blood is infused with primal strength.
The ball python barely misses you. x2
The ball python bites you. The ball python barely misses you.
The ball python attacks as you move away!
The ball python completely misses you. The ball python misses you.
The ball python barely misses you. The ball python grabs you.
The ball python constricts you.
You extend your transformation's duration.
The ball python bites you but does no damage.
The ball python constricts you.
You barely miss the ball python. You grab the ball python.
You pierce the ball python.
The ball python is severely wounded.
You constrict the ball python.
You feel a bit better.
You kill the ball python!
You tentacle-slap the gnoll. You grab the gnoll.
You pierce the gnoll.
The gnoll is almost dead.
You constrict the gnoll, but do no damage.
The gnoll barely misses you.
The gnoll hits you from afar with a +0 spear!
* * * LOW HITPOINT WARNING * * *
The gnoll hits you with a +0 halberd!
You die...

..#####......
#.#####.....####
#.............#
#.#####.....#.# #.#
#.....#.# #.# #.....#.##
#.#####.....#.#.
#####.#...........#.
#.g@....###...#####.
#g##g..........# #.
#.#.#.#.#.#.#.#.# #.
#####g#...............#.
#....g.#.#.#.#.#.#.#....
#.####g.................
#.#.#g#.#.#.#.#.#...
#..............
.....#.#.#.#.#.


You could see 3 gnolls.

Vanquished Creatures
  5 adders
  3 worms
  2 dart slugs
  An orc (D:3)
  5 ball pythons
  3 bats
  6 endoplasms
  A giant cockroach (D:1)
  2 goblins
  11 hobgoblins
  4 jackals (D:2)
  6 quokkas
  9 frilled lizards
  4 kobolds
  6 rats
68 creatures vanquished.

Notes
Turn   | Place    | Note
-------+----------+-------------------------------------------
     0 | D:1      | ytrimaz the Octopode Transmuter began the quest for the
                  | Orb.
     0 | D:1      | Reached XP level 1. HP: 13/13 MP: 3/3
   213 | D:1      | Reached XP level 2. HP: 18/18 MP: 3/5
   489 | D:1      | Reached skill level 4 in Unarmed Combat
   533 | D:1      | Reached XP level 3. HP: 9/23 MP: 6/6
  1390 | D:2      | Reached XP level 4. HP: 24/28 MP: 5/7
  1455 | D:2      | Found a faded altar of an unknown god.
  1884 | D:2      | Reached skill level 5 in Unarmed Combat
  1893 | D:2      | Learned a level 2 spell: Wereblood
  3208 | D:3      | Reached XP level 5. HP: 30/33 MP: 6/8
  3531 | D:3      | Found a stormy altar of Qazlal.
  3805 | D:4      | Slain by a gnoll

Illustrated notes

Levels and vault maps discovered:
D:1:      amcnicky_arrival_feature_with_door, layout_loops_ring,
          minmay_lizard_pond
D:2:      layout_basic, shapermc_ecumenical_altar_ellora
D:3:      layout_basic, grunt_qazlal_sundering, minmay_starry_boxes
D:4:      layout_basic, hex_large, corner_web_ring

Skill      XL: |  1  2  3  4 |
---------------+-------------+-----
Unarmed Combat | 4 5 |  5.6
Fighting       | |  1.0
Dodging        | |  2.0
Spellcasting   | |  2.0
Transmutations | |  2.0

Action                   |  1- 3 |  4- 6 || total
-------------------------+-------+-------++-------
Melee: Unarmed           |    61 |    70 ||   131
       Kick              |    17 |    22 ||    39
       Constrict         |    16 |    26 ||    42
       Tentacles         |     7 |    18 ||    25
       Punch             |     1 |     2 ||     3
 Cast: Beastly Appendage |    17 |    25 ||    42
       Wereblood         |       |     1 ||     1
  Use: Scroll            |     6 |     8 ||    14
 Stab: Sleeping          |     5 |     4 ||     9
Armor: Skin              |     6 |     4 ||    10
Dodge: Dodged            |    48 |    38 ||    86

Table legend: (Time is in decaauts)
 A = Elapsed time spent in this place.
 B = Non-inter-level travel time spent in this place.
 C = Inter-level travel time spent in this place.
 D = Time resting spent in this place.
 E = Time spent auto-exploring this place.
 F = Levels seen in this place.
 G = Mean time per level.
                   A        B        C        D        E       F      G
               +--------+--------+--------+--------+--------+-----+--------+
         Total |   3793 |   3678 |    115 |    108 |   3078 |   4 |  948.2 |
       Dungeon |   3793 |   3678 |    115 |    108 |   3078 |   4 |  948.2 |
               +--------+--------+--------+--------+--------+-----+--------+

Top non-repeatable levels by time:
     D:2: 1424 daAuts
     D:3: 1156 daAuts
     D:1: 1091 daAuts
     D:4: 121 daAuts
